EVO
UNIVERSITY OF ARIZONA WILDCATS @ RICE UNIVERSITY OWLS
11/19/2048
 
TOP OF THE 1ST
Rice University Owls batting - Pitching for Fresno State University Bulldogs : LHP Nick Chappell
Pitching: LHP Nick Chappell
Batting: SHB Yu-hsui Lew 0-0: Foul Ball, location: 2F
0-1: Foul Ball, location: 2F
0-2: Ball
1-2: Foul Ball, location: 2F
1-2: Strikes out swinging
Batting: LHB David Coatney 0-0: Ball
1-0: SINGLE (Line Drive, 34D, EV 105.6 MPH)
Batting: RHB Fred Saxton 0-0: Ball
1-0: Ball
2-0: Ball
3-0: Base on Balls
David Coatney to second
Batting: SHB Joan Coucieiro 0-0: Ball
1-0: Ball
2-0: Ball
3-0: Called Strike
3-1: Fielders Choice at 2nd, 5-4 (Groundball, 56S, EV 85.6 MPH)
David Coatney to third
Batting: LHB Eddie Lemus 0-0: Foul Ball, location: 2F
0-1: Ball
1-1: Swinging Strike
1-2: Foul Ball, location: 2F
1-2: Fielders Choice at 2nd, 6-4 (Groundball, 6, EV 81.2 MPH)
Top of the 1st over - 0 runs, 1 hit, 0 errors, 2 left on base; Rice University 0 - Fresno State University 0
BOTTOM OF THE 1ST
Fresno State University Bulldogs batting - Pitching for Rice University Owls : RHP Ruben Lozano
Pitching: RHP Ruben Lozano
Batting: RHB Andy Villarreal 0-0: Ball
1-0: Reached on error, E3 (Groundball, 3S, EV 43.8 MPH)
Batting: LHB Chris Viehman 0-0: Fly out, F8 (Flyball, 8RS, EV 75.0 MPH)
Batting: LHB Ricardo Sandoval 0-0: Called Strike
0-1: Ball
1-1: Ball
2-1: Foul Ball, location: 2F
2-2: SINGLE (Line Drive, 7LM, EV 102.5 MPH)
Andy Villarreal to third
Batting: RHB Adam Angeles 0-0: Ball
1-0: Ball
2-0: Called Strike
2-1: Ball
3-1: Base on Balls
Ricardo Sandoval to second
Batting: LHB Kevin Feldman 0-0: Swinging Strike
0-1: Fielders Choice at 2nd, 5-4 (Groundball, 56, EV 96.2 MPH)
Andy Villarreal scores
Ricardo Sandoval to third
Batting: RHB Homer Petropoulos 0-0: Swinging Strike
0-1: Foul Ball, location: 2F
0-2: Ball
1-2: Foul Ball, location: 2F
1-2: Ball
2-2: Ball
3-2: Strikes out swinging
Bottom of the 1st over - 1 run, 1 hit, 1 error, 2 left on base; Rice University 0 - Fresno State University 1
TOP OF THE 2ND
Rice University Owls batting - Pitching for Fresno State University Bulldogs : LHP Nick Chappell
Batting: RHB Adrian Quilantan 0-0: Ground out 4-3 (Groundball, 4S, EV 68.8 MPH)
Batting: RHB Alex Ruybalid 0-0: Foul Ball, location: 2F
0-1: Called Strike
0-2: Ball
1-2: Ball
2-2: Strikes out looking
Batting: SHB Roderick Speed 0-0: Ball
1-0: Swinging Strike
1-1: Fly out, F7 (Line Drive, 7, EV 85.6 MPH)
Top of the 2nd over - 0 runs, 0 hits, 0 errors, 0 left on base; Rice University 0 - Fresno State University 1
BOTTOM OF THE 2ND
Fresno State University Bulldogs batting - Pitching for Rice University Owls : RHP Ruben Lozano
Batting: RHB Pete Goerge 0-0: Ball
1-0: Called Strike
1-1: Swinging Strike
1-2: Strikes out looking
Batting: RHB Javier Brizuela 0-0: Called Strike
0-1: Ball
1-1: Reached via error on a dropped throw from 3B, E3 (Groundball, 56, EV 102.5 MPH)
Batting: RHB Xin Zhang 0-0: Fly out, F8 (Flyball, 89D, EV 100.6 MPH)
Batting: RHB Andy Villarreal 0-0: Fly out, F9 (Flyball, 9LS, EV 91.2 MPH)
Bottom of the 2nd over - 0 runs, 0 hits, 1 error, 1 left on base; Rice University 0 - Fresno State University 1
TOP OF THE 3RD
Rice University Owls batting - Pitching for Fresno State University Bulldogs : LHP Nick Chappell
Batting: RHB Alex Valadez 0-0: Ball
1-0: Called Strike
1-1: Ball
2-1: Ground out 6-3 (Groundball, 6D, EV 100.6 MPH)
Batting: SHB Yu-hsui Lew 0-0: Ball
1-0: Ball
2-0: Ball
3-0: Called Strike
3-1: Ground out 6-3 (Groundball, 6, EV 87.5 MPH)
Batting: LHB David Coatney 0-0: Ball
1-0: Foul Ball, location: 2F
1-1: Called Strike
1-2: Fly out, F4 (Line Drive, 4, EV 61.9 MPH)
Top of the 3rd over - 0 runs, 0 hits, 0 errors, 0 left on base; Rice University 0 - Fresno State University 1
BOTTOM OF THE 3RD
Fresno State University Bulldogs batting - Pitching for Rice University Owls : RHP Ruben Lozano
Batting: LHB Chris Viehman 0-0: Ball
1-0: Ball
2-0: Foul Ball, location: 2F
2-1: Fly out, F7 (Flyball, 78M, EV 96.2 MPH)
Batting: LHB Ricardo Sandoval 0-0: Ball
1-0: Foul Ball, location: 2F
1-1: Foul Ball, location: 2F
1-2: Ball
2-2: Foul Ball, location: 2F
2-2: SINGLE (Line Drive, 4D, EV 99.4 MPH)
Batting: RHB Adam Angeles 0-0: SINGLE (Line Drive, 5D, EV 95.0 MPH)
Ricardo Sandoval to second
Batting: LHB Kevin Feldman 0-0: Foul Ball, location: 2F
0-1: Called Strike
0-2: Fly out, F7 (Line Drive, 7, EV 91.2 MPH)
Batting: RHB Homer Petropoulos 0-0: Called Strike
0-1: Ball
1-1: Called Strike
1-2: Ball
2-2: Fielders Choice at 2nd, 6-4 (Groundball, 6, EV 88.8 MPH)
Bottom of the 3rd over - 0 runs, 2 hits, 0 errors, 2 left on base; Rice University 0 - Fresno State University 1
TOP OF THE 4TH
Rice University Owls batting - Pitching for Fresno State University Bulldogs : LHP Nick Chappell
Batting: RHB Fred Saxton 0-0: Ball
1-0: Ball
2-0: Foul Ball, location: 2F
2-1: Ball
3-1: Swinging Strike
3-2: Foul Ball, location: 2F
3-2: Ground out 6-3 (Groundball, 6, EV 81.2 MPH)
Batting: SHB Joan Coucieiro 0-0: Called Strike
0-1: Swinging Strike
0-2: Ball
1-2: Strikes out looking
Batting: LHB Eddie Lemus 0-0: Swinging Strike
0-1: Ground out 4-3 (Groundball, 4D, EV 106.9 MPH)
Top of the 4th over - 0 runs, 0 hits, 0 errors, 0 left on base; Rice University 0 - Fresno State University 1
BOTTOM OF THE 4TH
Fresno State University Bulldogs batting - Pitching for Rice University Owls : RHP Ruben Lozano
Batting: RHB Pete Goerge 0-0: DOUBLE (Flyball, 78XD, EV 100.0 MPH)
Batting: RHB Javier Brizuela 0-0: Foul Ball, location: 2F
0-1: Ground out 5-3 (Groundball, 56, EV 101.9 MPH)
Batting: RHB Xin Zhang 0-0: Called Strike
0-1: Swinging Strike
0-2: Ball
1-2: Strikes out swinging
Batting: RHB Andy Villarreal 0-0: Ground out 6-3 (Groundball, 6D, EV 105.0 MPH)
Bottom of the 4th over - 0 runs, 1 hit, 0 errors, 1 left on base; Rice University 0 - Fresno State University 1
TOP OF THE 5TH
Rice University Owls batting - Pitching for Fresno State University Bulldogs : LHP Nick Chappell
Batting: RHB Adrian Quilantan 0-0: Ball
1-0: Ground out 1-3 (Groundball, P, EV 71.9 MPH)
Batting: RHB Alex Ruybalid 0-0: Ball
1-0: Called Strike
1-1: Ground out 5-3 (Groundball, 56, EV 103.1 MPH)
Batting: SHB Roderick Speed 0-0: SINGLE (Popup, 34D, EV 66.2 MPH)
Batting: RHB Alex Valadez 0-0: Called Strike
0-1: Ball
1-1: Fly out, F9 (Line Drive, 9S, EV 103.8 MPH)
Top of the 5th over - 0 runs, 1 hit, 0 errors, 1 left on base; Rice University 0 - Fresno State University 1
BOTTOM OF THE 5TH
Fresno State University Bulldogs batting - Pitching for Rice University Owls : RHP Ruben Lozano
Batting: LHB Chris Viehman 0-0: Ball
1-0: Ball
2-0: Ball
3-0: Called Strike
3-1: Base on Balls
Batting: LHB Ricardo Sandoval 0-0: Ball
1-0: Called Strike
1-1: Ball
2-1: Ball
3-1: Base on Balls
Chris Viehman to second
Batting: RHB Adam Angeles 0-0: Ball
1-0: Ball
2-0: Called Strike
2-1: Foul Ball, location: 2F
2-2: Foul Ball, location: 2F
2-2: Ball
3-2: Foul Ball, location: 2F
Balk!
Chris Viehman to third
Ricardo Sandoval to second
3-2: Ground out 5-3 (Groundball, 56, EV 90.6 MPH)
Chris Viehman scores
Batting: LHB Kevin Feldman 0-0: Ground out 4-3 (Groundball, 4, EV 87.5 MPH)
Ricardo Sandoval to third
Batting: RHB Homer Petropoulos 0-0: Foul Ball, location: 2F
0-1: Ground out 1-3 (Groundball, 34S, EV 73.8 MPH)
Bottom of the 5th over - 1 run, 0 hits, 0 errors, 1 left on base; Rice University 0 - Fresno State University 2
TOP OF THE 6TH
Rice University Owls batting - Pitching for Fresno State University Bulldogs : LHP Nick Chappell
Batting: SHB Yu-hsui Lew 0-0: Ball
1-0: Foul Ball, location: 2F
1-1: Swinging Strike
1-2: Strikes out swinging
Batting: LHB David Coatney 0-0: SINGLE (Groundball, 6S, EV 65.0 MPH) (infield hit)
Batting: RHB Fred Saxton 0-0: Ball
1-0: 2-RUN HOME RUN (Flyball, 7D, EV 99.4 MPH), Distance : 368 ft
Batting: SHB Joan Coucieiro 0-0: Swinging Strike
0-1: Ball
1-1: Called Strike
1-2: Strikes out looking
Batting: LHB Eddie Lemus 0-0: Foul Ball, location: 2F
0-1: Ball
1-1: Ball
2-1: Called Strike
2-2: Strikes out swinging
Top of the 6th over - 2 runs, 2 hits, 0 errors, 0 left on base; Rice University 2 - Fresno State University 2
BOTTOM OF THE 6TH
Fresno State University Bulldogs batting - Pitching for Rice University Owls : RHP Ruben Lozano
Batting: RHB Pete Goerge 0-0: Ball
1-0: Ground out 6-3 (Groundball, 6, EV 86.2 MPH)
Pitching: RHP Nathan Tamburrino
Batting: RHB Javier Brizuela 0-0: Swinging Strike
0-1: Ball
1-1: Bunt for hit to 13 - play at first, batter OUT! 1-3
Batting: RHB Xin Zhang 0-0: Foul Ball, location: 2F
0-1: Ball
1-1: Ground out 1-3 (Groundball, 34S, EV 67.5 MPH)
Bottom of the 6th over - 0 runs, 0 hits, 0 errors, 0 left on base; Rice University 2 - Fresno State University 2
TOP OF THE 7TH
Rice University Owls batting - Pitching for Fresno State University Bulldogs : LHP Nick Chappell
Pitching: LHP Berry Caron
Batting: RHB Adrian Quilantan 0-0: Called Strike
0-1: Called Strike
0-2: Ball
1-2: Ball
2-2: SOLO HOME RUN (Flyball, 7D, EV 97.5 MPH), Distance : 358 ft
Batting: RHB Alex Ruybalid 0-0: Ball
1-0: Called Strike
1-1: Fly out, F9 (Flyball, 9, EV 92.5 MPH)
Batting: SHB Roderick Speed 0-0: Ball
1-0: Ball
2-0: Fly out, F4 (Line Drive, 4, EV 70.6 MPH)
Batting: RHB Alex Valadez 0-0: Ball
1-0: Fly out, F9 (Flyball, 9D, EV 105.6 MPH)
Top of the 7th over - 1 run, 1 hit, 0 errors, 0 left on base; Rice University 3 - Fresno State University 2
BOTTOM OF THE 7TH
Fresno State University Bulldogs batting - Pitching for Rice University Owls : RHP Nathan Tamburrino
Pinch Hitting: SHB Mike Fermin 0-0: Ball
1-0: Foul Ball, location: 2F
1-1: Fly out, F8 (Line Drive, 8LM, EV 88.8 MPH)
Batting: LHB Chris Viehman 0-0: Ball
1-0: Ball
2-0: Fly out, F8 (Flyball, 8LM, EV 91.9 MPH)
Batting: LHB Ricardo Sandoval 0-0: Swinging Strike
0-1: Ball
1-1: Foul Ball, location: 2F
1-2: Ball
2-2: Foul Ball, location: 2F
2-2: Foul Ball, location: 2F
2-2: Fly out, F7 (Flyball, 7, EV 85.0 MPH)
Bottom of the 7th over - 0 runs, 0 hits, 0 errors, 0 left on base; Rice University 3 - Fresno State University 2
TOP OF THE 8TH
Rice University Owls batting - Pitching for Fresno State University Bulldogs : LHP Berry Caron
Now in RF: Troy Jones
Batting: SHB Yu-hsui Lew 0-0: Ball
1-0: Called Strike
1-1: Ground out 5-3 (Groundball, 56S, EV 87.5 MPH)
Batting: LHB David Coatney 0-0: Foul Ball, location: 2F
0-1: Called Strike
0-2: Foul Ball, location: 2F
0-2: Fly out, F6 (Popup, 6, EV 66.2 MPH)
Batting: RHB Fred Saxton 0-0: Ball
1-0: Ball
2-0: Ball
3-0: Called Strike
3-1: Base on Balls
Pitching: LHP Dan Luckhardt
Batting: SHB Joan Coucieiro 0-0: Swinging Strike
0-1: Foul Ball, location: 2F
0-2: Strikes out swinging
Top of the 8th over - 0 runs, 0 hits, 0 errors, 1 left on base; Rice University 3 - Fresno State University 2
BOTTOM OF THE 8TH
Fresno State University Bulldogs batting - Pitching for Rice University Owls : RHP Nathan Tamburrino
Pitching: LHP Tony Duque
Batting: RHB Adam Angeles 0-0: Ball
1-0: Ball
2-0: Swinging Strike
2-1: Ball
3-1: Base on Balls
Pinch Hitting: RHB John Carpenter 0-0: Ball
1-0: Ball
2-0: Ball
3-0: Base on Balls
Adam Angeles to second
Batting: RHB Homer Petropoulos 0-0: Called Strike
0-1: Foul Ball, location: 2F
0-2: Foul Ball, location: 2F
0-2: Ball
1-2: Ball
2-2: Strikes out looking
Batting: RHB Pete Goerge 0-0: Ball
1-0: SINGLE (Line Drive, 34D, EV 97.5 MPH)
Adam Angeles to third
John Carpenter to second
Runner from 3rd tries for Home, SAFE, throw by RF to home
Pinch Hitting: RHB Dou-wan Pan 0-0: Foul Ball, location: 2F
0-1: Swinging Strike
0-2: Fielders Choice at 2nd, 5-4 (Groundball, 56S, EV 89.4 MPH)
John Carpenter to third
Batting: RHB Xin Zhang 0-0: Fielders Choice at 2nd, 6-4 (Groundball, 6, EV 99.4 MPH)
Bottom of the 8th over - 1 run, 1 hit, 0 errors, 2 left on base; Rice University 3 - Fresno State University 3
TOP OF THE 9TH
Rice University Owls batting - Pitching for Fresno State University Bulldogs : LHP Dan Luckhardt
Now at SS: Dou-wan Pan
Now in LF: Jaquan Brown
Batting: LHB Eddie Lemus 0-0: Foul Ball, location: 2F
0-1: Called Strike
0-2: Ball
1-2: Ball
2-2: Fly out, F6 (Line Drive, 6, EV 69.4 MPH)
Batting: RHB Adrian Quilantan 0-0: Called Strike
0-1: Ball
1-1: Ball
2-1: Ball
3-1: Base on Balls
Pinch Hitting: RHB Russ Kennett 0-0: Ball
1-0: Ball
2-0: Fly out, F9 (Flyball, 9, EV 96.2 MPH)
Batting: SHB Roderick Speed 0-0: Ball
1-0: Swinging Strike
1-1: Ball
2-1: Ball
3-1: Base on Balls
Adrian Quilantan to second
Pitching: RHP Francisco Santos
Batting: RHB Carlos Saldivar 0-0: Ball
1-0: Ball
2-0: Called Strike
2-1: Swinging Strike
2-2: SINGLE (Line Drive, 89S, EV 97.5 MPH)
Adrian Quilantan to third
Roderick Speed to second
Runner from 3rd tries for Home, SAFE, throw by RF to home
Batting: SHB Yu-hsui Lew 0-0: Ground out 3-1 (Groundball, 34, EV 81.2 MPH)
Top of the 9th over - 1 run, 1 hit, 0 errors, 2 left on base; Rice University 4 - Fresno State University 3
BOTTOM OF THE 9TH
Fresno State University Bulldogs batting - Pitching for Rice University Owls : LHP Tony Duque
Pitching: RHP John Kerfoot
Now in CF: Russ Kennett
Batting: LHB Troy Jones 0-0: Ball
1-0: SINGLE (Groundball, 6S, EV 65.0 MPH) (infield hit)
Batting: LHB Chris Viehman 0-0: Ball
1-0: Called Strike
1-1: Swinging Strike
1-2: Strikes out swinging
Batting: LHB Ricardo Sandoval 0-0: Ball
1-0: Called Strike
1-1: Ball
2-1: Foul Ball, location: 2F
2-2: Ball
3-2: SINGLE (Line Drive, 8LS, EV 112.5 MPH)
Troy Jones to second
Batting: RHB Adam Angeles 0-0: SINGLE (Flyball, 89S, EV 91.9 MPH)
Troy Jones to third
Ricardo Sandoval to second
Runner from 3rd tries for Home, SAFE, throw by RF to home
Batting: RHB Jaquan Brown 0-0: Called Strike
0-1: Ball
1-1: Called Strike
1-2: SINGLE (Groundball, 34D, EV 99.4 MPH)
Ricardo Sandoval to third
Adam Angeles to second
Runner from 3rd tries for Home, SAFE, throw by RF to home
Bottom of the 9th over - 2 runs, 4 hits, 0 errors, 2 left on base; Rice University 4 - Fresno State University 5
Tuesday, March 28th , 2023 - OOTP Baseball 23.10 Build 110